 Dungeon Crawl Stone Soup version 0.29.0-4-gdea44cf6ec (webtiles) character file.

Game seed: 14246861701221499035

37 qw the Ruffian (level 3, 0/28 HPs)
             Began as a Ghoul Fire Elementalist on Aug 29, 2022.
             Killed from afar by Sigmund (3 damage)
             ... with a magic dart
             ... on level 2 of the Dungeon.
             The game lasted 00:01:08 (1683 turns).

qw the Ruffian (Ghoul Fire Elementalist)            Turns: 1683, Time: 00:01:09

Health: 0/28       AC: 10    Str: 13    XL:     3   Next: 39%
Magic:  4/4        EV:  5    Int: 10    God:
Gold:   107        SH:  0    Dex:  9    Spells: 4/5 levels left

rFire   . . .      SeeInvis .     - Unarmed
rCold   + . .      Faith    .   (no shield)
rNeg    + + +      Spirit   .   i - +0 chain mail
rPois   inf        Reflect  .   (no helmet)
rElec   .          Harm     .   g - +0 cloak
rCorr   .          Rampage  .   h - +0 pair of gloves
Will    .....                   (no boots)
Stlth   ..........              (no amulet)
HPRegen 0.00/turn               (no ring)
MPRegen 0.09/turn               (no ring)

@: inhibited regen
A: claws 1, cold resistance 1, negative energy resistance 3, inhibited
regeneration, torment resistance 2, devour on kill
a: no special abilities


You were on level 2 of the Dungeon.
You visited 1 branch of the dungeon, and saw 2 of its levels.

You collected 107 gold pieces.


Innate Abilities, Weirdness & Mutations

You are immune to poison.
You have sharp fingernails.
Your flesh is cold resistant. (rC+)
You are immune to negative energy. (rN+++)
You do not regenerate when monsters are visible.
You are immune to unholy pain and torment.
You thrive by killing the living.


   Skills:
 - Level 1.0 Fighting
 - Level 1.7 Dodging
 - Level 2.1 Stealth
 + Level 2.9 Unarmed Combat
 - Level 1.7 Spellcasting
 - Level 0.7 Conjurations
 - Level 2.4 Fire Magic


You had 4 spell levels left.
You knew the following spells:

 Your Spells              Type           Power      Damage    Failure   Level
a - Foxfire               Conj/Fire      16%        2x1d4     99%         1

Your spell library contained the following spells:

 Spells                   Type           Power      Damage    Failure   Level
 Scorch                   Fire           10%        2d5       100%        2
 Conjure Flame            Conj/Fire      4%         6-21      100%        3
 Inner Flame              Hex/Fire       3%         N/A       100%        3
 Flame Wave               Conj/Fire      4%         2d5       100%        4

Inventory:

Missiles
 j - a javelin (quivered)
Armour
 g - a +0 cloak (worn)
 h - a +0 pair of gloves (worn)
 i - a +0 chain mail (worn)
Scrolls
 a - a scroll of noise {unknown}
 Y - 2 scrolls of identify
Potions
 c - a potion of curing {unknown}
 f - a potion of ambrosia {unknown}

Dungeon Overview and Level Annotations

Branches:
Dungeon (2/15)

Altars:

Shops:
D:2 (=

Annotations:
D:2 Sigmund


Message History

Deactivating autopickup; reactivate with Ctrl-A.
You swing at nothing.
You swing at nothing.
Something hits you but does no damage.
You swing at nothing.
You swing at nothing.
Something hits you but does no damage.
You swing at nothing.
Something hits you.
You swing at nothing.
You swing at nothing.
Something hits you but does no damage.
You swing at nothing.
You swing at nothing.
Something hits you.
You swing at nothing.
Something hits you but does no damage.
You swing at nothing.
You swing at nothing.
You hear some strange, mumbled words.
A puff of flame appears from out of thin air!
The puff of flame misses you.
You swing at nothing.
A magic dart appears from out of thin air!
The magic dart hits you.
You swing at nothing.
Something hits you.
You swing at nothing.
A magic dart appears from out of thin air!
The magic dart hits you.
You swing at nothing.
Something hits you.
You swing at nothing.
You swing at nothing.
Something hits you but does no damage.
You swing at nothing.
You swing at nothing.
A magic dart appears from out of thin air!
The magic dart hits you.
You die...

# ### .# #.. ..##
#.# #...## #.####
#{....# ###
#.##.## ##.......
##.##
#.#...####@.......
####...#
#........'(.......
+.......
#.#...####........
####...# #.##.##
##....... ##.##
#.##########.....#
#... #.........#
#...## #.##
#.#######.# #+##
#.# #.# #.# #.#
#.# #.##### #.#
#.#########.#


There were no monsters in sight!

Vanquished Creatures
  A worm (D:2)
  A dart slug (D:1)
  2 endoplasms (D:1)
  A giant cockroach (D:1)
  8 goblins (D:1)
  2 hobgoblins (D:1)
  2 jackals (D:1)
  A quokka (D:1)
  4 ball pythons (D:1)
  A bat (D:1)
  2 frilled lizards
  2 kobolds (D:1)
  2 rats
29 creatures vanquished.

Notes
Turn   | Place    | Note
-------+----------+-------------------------------------------
     0 | D:1      | qw the Ghoul Fire Elementalist began the quest for the Orb.
     0 | D:1      | Reached XP level 1. HP: 14/14 MP: 2/2
     0 | D:1      | 0 ||| qw: Version: 0.1-a-90-g952f4b7
     0 | D:1      | 0 ||| qw: Game counter: 3927
     0 | D:1      | 0 ||| qw: Always use a shield: true
     0 | D:1      | 0 ||| qw: God list: Okawaru
     0 | D:1      | 0 ||| qw: Allow faded altars: false
     0 | D:1      | 0 ||| qw: Do Orc after D:15 true
     0 | D:1      | 0 ||| qw: Do second Lair branch before Depths: true
     0 | D:1      | 0 ||| qw: Lair rune preference: random
     0 | D:1      | 0 ||| qw: Plans: Normal
     0 | D:1      | 0 ||| PLANNING D:1-11
    58 | D:1      | 58 ||| Stepping ~*~*~tactically~*~*~ (stealth).
    60 | D:1      | 60 ||| Stepping ~*~*~tactically~*~*~ (stealth).
    61 | D:1      | 61 ||| Stepping ~*~*~tactically~*~*~ (stealth).
    73 | D:1      | Reached skill level 1 in Unarmed Combat
    75 | D:1      | 75 ||| Stepping ~*~*~tactically~*~*~ (stealth).
    81 | D:1      | HP: 3/14 [quokka (2)]
   113 | D:1      | HP: 3/15 [endoplasm (1)]
   114 | D:1      | HP: 1/15 [frozen (2)]
   116 | D:1      | Reached skill level 1 in Fighting
   116 | D:1      | Reached XP level 2. HP: 2/23 MP: 3/3
   168 | D:1      | HP: 2/23 [goblin/+0 club (3)]
   238 | D:1      | HP: 5/23 [endoplasm (1)]
   624 | D:1      | 624 ||| Stepping ~*~*~tactically~*~*~ (stealth).
   789 | D:1      | 789 ||| Stepping ~*~*~tactically~*~*~ (stealth).
   804 | D:1      | Reached XP level 3. HP: 16/28 MP: 4/4
  1059 | D:1      | 1059 ||| Stepping ~*~*~tactically~*~*~ (stealth).
  1062 | D:1      | 1062 ||| Stepping ~*~*~tactically~*~*~ (stealth).
  1064 | D:1      | 1064 ||| Stepping ~*~*~tactically~*~*~ (stealth).
  1066 | D:1      | 1066 ||| Stepping ~*~*~tactically~*~*~ (stealth).
  1068 | D:1      | 1068 ||| Stepping ~*~*~tactically~*~*~ (stealth).
  1069 | D:1      | 1069 ||| Stepping ~*~*~tactically~*~*~ (stealth).
  1256 | D:1      | 1256 ||| UPGRADING to +0 ring mail.
  1266 | D:1      | 1266 ||| DROPPING +0 robe.
  1267 | D:1      | 1267 ||| UPGRADING to +0 cloak.
  1272 | D:1      | 1272 ||| UPGRADING to +0 pair of gloves.
  1277 | D:1      | 1277 ||| UPGRADING to +0 chain mail.
  1287 | D:1      | 1287 ||| DROPPING +0 ring mail.
  1288 | D:1      | 1288 ||| READING 2 scrolls labelled UXOPSYDEAN.
  1289 | D:1      | 1289 ||| DROPPING potion of magic.
  1324 | D:2      | Found Wiat's Jewellery Emporium.
  1328 | D:2      | 1328 ||| SHOPLISTING +6 ring of dexterity (360 gold, have
                  | 80).
  1328 | D:2      | 1328 ||| SHOPLISTING amulet of reflection (300 gold, have
                  | 80).
  1328 | D:2      | 1328 ||| SHOPLISTING ring of ice (250 gold, have 80).
  1328 | D:2      | 1328 ||| SHOPLISTING ring of resist corrosion (200 gold,
                  | have 80).
  1328 | D:2      | 1328 ||| SHOPLISTING ring of see invisible (150 gold, have
                  | 80).
  1328 | D:2      | 1328 ||| SHOPLISTING ring of willpower (250 gold, have 80).
  1414 | D:2      | Found Enwekhi's Weapon Shoppe.
  1661 | D:2      | Noticed Sigmund
  1679 | D:2      | HP: 3/28 [something (5)]
  1683 | D:2      | Killed from afar by Sigmund

Levels and vault maps discovered:
D:1:      dpeg_arrival_line_fractal, layout_basic
D:2:      layout_loops_corners, serial_shops, nicolae_shop_hallway_stairs, shop,
          uniq_sigmund

Skill      XL: |  1  2 |
---------------+-------+-----
Unarmed Combat | 1 2 |  2.9
Fighting       | 1 |  1.0
Dodging        | |  1.7
Stealth        | |  2.1
Spellcasting   | |  1.7
Conjurations   | |  0.7
Fire Magic     | |  2.4

Action                   || total
-------------------------++-------
Melee: Unarmed           ||    82
       Punch             ||     1
Throw: Javelin           ||    13
       Boomerang         ||     3
  Use: Scroll            ||     1
 Stab: Sleeping          ||     1
Armor: Robe              ||    11
       Chain mail        ||    10
Dodge: Dodged            ||    28

Table legend:
 A = Non-vault XP
 B = Vault XP
 C = Vault XP percentage of total XP
 D = Non-vault monster count
 E = Vault monster count
 F = Vault count percentage of total count
                 A         B        C        D         E       F
            +---------+---------+-------+---------+---------+-------
      Total |      53 |       0 |   0.0 |      29 |       0 |   0.0
            +---------+---------+-------+---------+---------+-------
        D:1 |      46 |       0 |   0.0 |      26 |       0 |   0.0
        D:2 |       7 |       0 |   0.0 |       3 |       0 |   0.0
            +---------+---------+-------+---------+---------+-------
